 Dungeon Crawl Stone Soup version 0.29.0-4-gdea44cf6ec (webtiles) character file.

Game seed: 9985721152533253446

8176 qw the Severer (level 11, -2/100 HPs)
             Began as a Minotaur Berserker on Sept 8, 2022.
             Was an Elder of Trog.
             Shot with an arrow by a centaur warrior (9 damage)
             ... on level 10 of the Dungeon.
             The game lasted 00:03:48 (11770 turns).

qw the Severer (Minotaur Berserker)                Turns: 11770, Time: 00:03:49

Health: -2/100     AC: 15    Str: 26    XL:     11   Next: 6%
Magic:  10/10      EV:  8    Int:  4    God:    Trog [****..]
Gold:   691        SH:  0    Dex: 10    Spells: 10/10 levels left

rFire   . . .      SeeInvis +   Y - +0 war axe (drain)
rCold   . . .      Faith    .   (no shield)
rNeg    . . .      Spirit   .   j - +2 plate armour
rPois   .          Reflect  .   (helmet restricted)
rElec   .          Harm     .   (no cloak)
rCorr   +          Rampage  .   (no gloves)
Will    .....                   (no boots)
Stlth   ..........              q - amulet of the acrobat
HPRegen 0.26/turn               k - ring of resist corrosion
MPRegen 0.12/turn               l - ring of see invisible

@: on berserk cooldown, slowed, very slow
A: horns 2, retaliatory headbutt
a: Renounce Religion, Berserk, Trog's Hand, Brothers in Arms


You were on level 10 of the Dungeon.
You worshipped Trog.
Trog was greatly pleased with you.
You visited 1 branch of the dungeon, and saw 10 of its levels.

You collected 691 gold pieces.


Innate Abilities, Weirdness & Mutations

You have a pair of horns on your head.
You reflexively headbutt those who attack you in melee.


   Skills:
 - Level 10.3 Fighting
 - Level 16.2 Axes
 - Level 2.3 Throwing
 + Level 7.4 Armour
 - Level 3.1 Dodging


You had 10 spell levels left.
You didn't know any spells.
Your spell library was empty.

Inventory:

Hand Weapons
 b - a +0 morningstar
 h - the +5 flail "Concordance" {vorpal, rElec rPois rF+ Stlth-}
   (You found it on level 7 of the Dungeon)

   It inflicts extra damage upon your enemies.
   rF:        It protects you from fire.
   rElec:     It insulates you from electricity.
   rPois:     It protects you from poison.
   Stlth:     It makes you less stealthy.
 Y - a +0 war axe of draining (weapon)
Missiles
 i - 16 boomerangs (quivered)
Armour
 j - a +2 plate armour (worn)
Jewellery
 e - a ring of ice
 k - a ring of resist corrosion (left hand)
 l - a ring of see invisible (right hand)
 m - a ring of positive energy
 p - an amulet of regeneration
 q - an amulet of the acrobat (around neck)
Scrolls
 a - 9 scrolls of identify
 d - 4 scrolls of teleportation
Potions
 c - a potion of cancellation
 f - 5 potions of curing
 g - a potion of haste
 n - a potion of might
 o - a potion of mutation

Dungeon Overview and Level Annotations

Branches:
Dungeon (10/15)            Temple (0/1) D:6
   Lair: D:8-11         Orc: D:9-12

Altars:
Ashenzari
Cheibriados
Dithmenos
Hepliaklqana
Kikubaaqudgha
Makhleb
Nemelex Xobeh
Ru
Trog
Uskayaw
Vehumet
Xom
Yredelemnul

Annotations:
D:6 1 runed translucent door, qw's ghost, novice MiBe
D:9 2 transporters


Message History

You slice the red ugly thing!! You drain the red ugly thing.
The red ugly thing is heavily wounded.
You barely miss the centaur warrior. You slash the red ugly thing!
You slice the red ugly thing!!
Your headbutt misses the red ugly thing.
The red ugly thing is almost dead.
You closely miss the red ugly thing. You closely miss the centaur warrior.
The centaur warrior hits you but does no damage.
The centaur warrior kicks you but does no damage.
The red ugly thing headbutts you but does no damage.
You slash the red ugly thing!
You kill the red ugly thing!
Trog accepts your kill.
You slice the red ugly thing!! You drain the red ugly thing.
You hit the centaur warrior. You drain the centaur warrior.
The centaur warrior hits you but does no damage.
The centaur warrior kicks you but does no damage.
Your Fighting skill increases to level 10!
You have reached level 11!
You slice the red ugly thing!!
You kill the red ugly thing!
Trog accepts your kill.
You hit the centaur warrior.
Your Throwing skill increases to level 2!
You slash the centaur warrior! You drain the centaur warrior.
The centaur warrior is heavily wounded.
The centaur warrior closely misses you. You furiously retaliate!
You headbutt the centaur warrior! The centaur warrior kicks you.
A centaur warrior comes into view.
The centaur warrior shouts!
You slash the centaur warrior!
You kill the centaur warrior!
Trog accepts your kill.
You are no longer berserk.
You are exhausted.
You feel yourself slow down.
The centaur warrior wields a +0 longbow of flaming.
It bursts into flame!
The centaur warrior shoots an arrow.
The arrow hits you!! The arrow burns you!
You die...

##.................#.## #...#
##.................).# #.###
#...############....## #.#
....# ......#....# ##.# ....#
.###..##.### #..# .##.##
..#....#...## ##.## ..#..#
.##....##...# ##..# #.##)##
[#.....%#...###.<##
#.##).#.###....)@##....#.##
......##.#.c#####%#....#.#
#.###..#.#..#../#.##.....#
#.####.##...#.###..#..#..#
#..# #..#...#......'#....#
##.# ##.##..#...#...#....#
#.# #..#...#.#....##.#.####
#.## ##.##.#...#..#.#..>...#
#..####..#..#.#.....##g.##)##


You could see a centaur warrior.

Vanquished Creatures
  A centaur warrior (D:10)
  4 ugly things (D:10)
  2 trolls (D:10)
  A slime creature (D:10)
  Grinder (D:3)
  A wyvern (D:10)
  12 yaks
  A vampire mosquito (D:10)
  2 steam dragons
  2 water moccasins (D:8)
  An acid dragon (D:6)
  An orc warrior (D:7)
  An ice beast (D:7)
  A boggart (D:10)
  3 centaurs
  A phantom (D:6)
  A kobold brigand (D:8)
  4 scorpions
  3 bullfrogs
  A necrophage (D:6)
  4 wights (D:9)
  14 killer bees
  2 howler monkeys
  3 jellies
  11 orc priests
  2 hounds (D:5)
  A gnoll bouda (D:4)
  2 iguanas
  17 orc wizards
  13 gnolls
  8 adders
  A shadow imp (D:6)
  2 white imps
  3 worms
  A dart slug (D:1)
  42 orcs
  11 endoplasms
  2 giant cockroaches
  7 goblins
  6 hobgoblins
  2 jackals (D:4)
  9 kobolds
  2 quokkas
  9 ball pythons
  5 bats
  4 frilled lizards
  2 rats (D:2)
229 creatures vanquished.

Notes
Turn   | Place    | Note
-------+----------+-------------------------------------------
     0 | D:1      | qw the Minotaur Berserker began the quest for the Orb.
     0 | D:1      | Reached XP level 1. HP: 19/19 MP: 0/0
     0 | D:1      | 0 ||| qw: Version: 0.1-a-112-g44dc6cd
     0 | D:1      | 0 ||| qw: Game counter: 6807
     0 | D:1      | 0 ||| qw: Always use a shield: true
     0 | D:1      | 0 ||| qw: Do Orc after D:15 true
     0 | D:1      | 0 ||| qw: Do second Lair branch before Depths: true
     0 | D:1      | 0 ||| qw: Lair rune preference: random
     0 | D:1      | 0 ||| qw: Plans: Normal
     0 | D:1      | 0 ||| PLANNING D:1-11
   152 | D:1      | Reached skill level 4 in Axes
   324 | D:1      | Reached XP level 2. HP: 26/26 MP: 1/1
   350 | D:1      | 350 ||| Stepping ~*~*~tactically~*~*~ (stealth).
   393 | D:1      | 393 ||| Stepping ~*~*~tactically~*~*~ (hiding).
   495 | D:1      | 495 ||| Stepping ~*~*~tactically~*~*~ (hiding).
   609 | D:1      | Found a faded altar of an unknown god.
   740 | D:1      | 740 ||| Stepping ~*~*~tactically~*~*~ (stealth).
   748 | D:1      | 748 ||| Stepping ~*~*~tactically~*~*~ (stealth).
   752 | D:1      | 752 ||| Stepping ~*~*~tactically~*~*~ (stealth).
   753 | D:1      | 753 ||| Stepping ~*~*~tactically~*~*~ (stealth).
   771 | D:1      | 771 ||| Stepping ~*~*~tactically~*~*~ (stealth).
   772 | D:1      | 772 ||| Stepping ~*~*~tactically~*~*~ (stealth).
   854 | D:1      | 854 ||| DROPPING +0 club.
   991 | D:1      | Reached skill level 5 in Axes
  1233 | D:1      | 1233 ||| UPGRADING to +0 ring mail.
  1243 | D:1      | 1243 ||| DROPPING +0 animal skin.
  1244 | D:1      | 1244 ||| READING 4 scrolls labelled JIWAHODUYV.
  1245 | D:1      | 1245 ||| READING scroll labelled SEXOW BUCVUPN.
  1246 | D:1      | 1246 ||| READING scroll labelled VANEDOINOWN.
  1247 | D:1      | 1247 ||| DRINKING 2 murky puce potions.
  1281 | D:2      | Reached XP level 3. HP: 23/31 MP: 2/2
  1281 | D:2      | 1281 ||| STAIRDANCE
  1454 | D:2      | 1454 ||| INVOKING Berserk.
  1663 | D:2      | 1663 ||| Stepping ~*~*~tactically~*~*~ (stealth).
  1670 | D:2      | Reached ** piety under Trog
  1789 | D:2      | Found Awket's Magic Scroll Boutique.
  1835 | D:2      | 1835 ||| Stepping ~*~*~tactically~*~*~ (hiding).
  1836 | D:2      | 1836 ||| Stepping ~*~*~tactically~*~*~ (hiding).
  1941 | D:2      | 1941 ||| SWAPPING to +0 war axe.
  1942 | D:2      | 1942 ||| DROPPING +0 hand axe.
  2024 | D:2      | Reached skill level 6 in Axes
  2024 | D:2      | Reached XP level 4. HP: 28/39 MP: 3/3
  2052 | D:2      | 2052 ||| FLEEEEING.
  2053 | D:2      | 2053 ||| FLEEEEING.
  2054 | D:2      | 2054 ||| FLEEEEING.
  2055 | D:2      | 2055 ||| FLEEEEING.
  2056 | D:2      | 2056 ||| FLEEEEING.
  2058 | D:2      | 2058 ||| FLEEEEING.
  2059 | D:2      | 2059 ||| FLEEEEING.
  2064 | D:2      | 2064 ||| FLEEEEING.
  2065 | D:2      | 2065 ||| FLEEEEING.
  2066 | D:2      | 2066 ||| FLEEEEING.
  2072 | D:2      | 2072 ||| FLEEEEING.
  2073 | D:2      | 2073 ||| FLEEEEING.
  2074 | D:2      | 2074 ||| FLEEEEING.
  2075 | D:2      | 2075 ||| FLEEEEING.
  2076 | D:2      | 2076 ||| FLEEEEING.
  2077 | D:2      | 2077 ||| FLEEEEING.
  2078 | D:2      | 2078 ||| FLEEEEING.
  2079 | D:2      | 2079 ||| FLEEEEING.
  2080 | D:2      | 2080 ||| FLEEEEING.
  2081 | D:2      | 2081 ||| FLEEEEING.
  2082 | D:2      | 2082 ||| FLEEEEING.
  2083 | D:2      | 2083 ||| FLEEEEING.
  2084 | D:2      | 2084 ||| FLEEEEING.
  2085 | D:2      | 2085 ||| FLEEEEING.
  2086 | D:2      | 2086 ||| FLEEEEING.
  2087 | D:2      | 2087 ||| FLEEEEING.
  2088 | D:2      | 2088 ||| FLEEEEING.
  2089 | D:2      | 2089 ||| FLEEEEING.
  2090 | D:2      | 2090 ||| FLEEEEING.
  2091 | D:2      | 2091 ||| FLEEEEING.
  2094 | D:2      | 2094 ||| STAIRDANCE
  2147 | D:1      | 2147 ||| UPGRADING to +0 chain mail.
  2157 | D:1      | 2157 ||| DROPPING +0 ring mail.
  2158 | D:1      | 2158 ||| READING 3 scrolls labelled XIDWEBRAPH.
  2159 | D:1      | 2159 ||| READING scroll labelled GULOITHREOT.
  2160 | D:1      | 2160 ||| READING scroll labelled DYCAUT BOMIUT.
  2161 | D:1      | 2161 ||| READING scroll labelled IXKEGI WYRCHOF.
  2165 | D:1      | 2165 ||| READING 3 scrolls of identify.
  2165 | D:1      | 2165 ||| IDENTIFYING green potion
  2166 | D:1      | 2166 ||| READING 2 scrolls of identify.
  2166 | D:1      | 2166 ||| IDENTIFYING glowing cyan potion
  2167 | D:1      | 2167 ||| DROPPING potion of lignification.
  2168 | D:1      | 2168 ||| DROPPING 2 scrolls of magic mapping.
  2169 | D:1      | 2169 ||| DROPPING potion of flight.
  2382 | D:3      | Noticed Grinder
  2383 | D:3      | 2383 ||| Stepping ~*~*~tactically~*~*~ (hiding).
  2385 | D:3      | 2385 ||| INVOKING Trog's Hand.
  2388 | D:3      | 2388 ||| INVOKING Berserk.
  2394 | D:3      | Killed Grinder
  2395 | D:3      | Reached skill level 8 in Axes
  2395 | D:3      | Reached XP level 5. HP: 45/45 MP: 4/4
  2706 | D:3      | Found an ancient bone altar of Kikubaaqudgha.
  2721 | D:3      | Found a bloodstained altar of Trog.
  2922 | D:3      | Reached XP level 6. HP: 52/52 MP: 5/5
  2935 | D:3      | 2935 ||| UPGRADING to ring of resist corrosion.
  2936 | D:3      | 2936 ||| READING scroll labelled ULYITIX POKHLUCW.
  2937 | D:3      | 2937 ||| READING scroll labelled VEXETTE ATOM.
  2938 | D:3      | 2938 ||| READING 2 scrolls labelled XIOCWASOTUXT.
  2939 | D:3      | 2939 ||| READING scroll labelled KIXTOG FETOR.
  2940 | D:3      | 2940 ||| READING 2 scrolls of identify.
  2940 | D:3      | 2940 ||| IDENTIFYING lumpy amethyst potion
  2941 | D:3      | 2941 ||| DROPPING scroll of amnesia.
  2942 | D:3      | 2942 ||| Stepping randomly (stuck).
  2943 | D:3      | 2943 ||| Stepping ~*~*~tactically~*~*~ (cloud).
  3145 | D:4      | 3145 ||| Stepping ~*~*~tactically~*~*~ (stealth).
  3354 | D:4      | 3354 ||| Stepping ~*~*~tactically~*~*~ (stealth).
  3356 | D:4      | 3356 ||| INVOKING Berserk.
  3430 | D:4      | 3430 ||| Stepping ~*~*~tactically~*~*~ (stealth).
  3431 | D:4      | 3431 ||| Stepping ~*~*~tactically~*~*~ (stealth).
  3456 | D:4      | 3456 ||| Stepping ~*~*~tactically~*~*~ (stealth).
  3457 | D:4      | 3457 ||| Stepping ~*~*~tactically~*~*~ (stealth).
  3485 | D:4      | 3485 ||| Stepping ~*~*~tactically~*~*~ (stealth).
  3486 | D:4      | 3486 ||| Stepping ~*~*~tactically~*~*~ (stealth).
  3575 | D:4      | 3575 ||| INVOKING Berserk.
  3609 | D:4      | 3609 ||| INVOKING Berserk.
  3626 | D:4      | HP: 10/52 [gnoll/+0 spear of distortion[a gnoll bouda]
                  | (22)]
  3629 | D:4      | Reached skill level 9 in Axes
  3654 | D:4      | 3654 ||| FLEEEEING.
  3656 | D:4      | 3656 ||| FLEEEEING.
  3657 | D:4      | 3657 ||| FLEEEEING.
  3658 | D:4      | 3658 ||| FLEEEEING.
  3659 | D:4      | 3659 ||| FLEEEEING.
  3660 | D:4      | 3660 ||| FLEEEEING.
  3662 | D:4      | 3662 ||| FLEEEEING.
  3663 | D:4      | 3663 ||| FLEEEEING.
  3664 | D:4      | 3664 ||| FLEEEEING.
  3665 | D:4      | 3665 ||| FLEEEEING.
  3666 | D:4      | 3666 ||| FLEEEEING.
  3667 | D:4      | 3667 ||| FLEEEEING.
  3668 | D:4      | 3668 ||| FLEEEEING.
  3669 | D:4      | 3669 ||| FLEEEEING.
  3670 | D:4      | 3670 ||| FLEEEEING.
  3671 | D:4      | 3671 ||| FLEEEEING.
  3672 | D:4      | 3672 ||| FLEEEEING.
  3673 | D:4      | 3673 ||| FLEEEEING.
  3674 | D:4      | 3674 ||| FLEEEEING.
  3675 | D:4      | 3675 ||| STAIRDANCE
  3905 | D:4      | 3905 ||| INVOKING Berserk.
  3917 | D:4      | 3917 ||| FLEEEEING.
  3919 | D:4      | 3919 ||| STAIRDANCE
  4049 | D:4      | 4049 ||| DROPPING +0 whip.
  4176 | D:4      | 4176 ||| Stepping ~*~*~tactically~*~*~ (stealth).
  4490 | D:5      | Entered Level 5 of the Dungeon
  4559 | D:5      | 4559 ||| INVOKING Berserk.
  4683 | D:5      | Found a sacrificial altar of Ru.
  4697 | D:5      | Reached XP level 7. HP: 49/61 MP: 6/6
  4786 | D:5      | 4786 ||| Stepping ~*~*~tactically~*~*~ (stealth).
  4814 | D:5      | 4814 ||| INVOKING Berserk.
  4981 | D:5      | Reached skill level 3 in Armour
  5029 | D:5      | Identified the +3 arbalest of Ityr {freeze, rF- rN+ Str+8
                  | Stlth+}
  5103 | D:5      | 5103 ||| Stepping ~*~*~tactically~*~*~ (hiding).
  5118 | D:5      | 5118 ||| Stepping ~*~*~tactically~*~*~ (stealth).
  5121 | D:5      | 5121 ||| FLEEEEING.
  5126 | D:5      | 5126 ||| Stepping ~*~*~tactically~*~*~ (hiding).
  5130 | D:5      | 5130 ||| DRINKING 4 potions of curing.
  5130 | D:5      | 5130 ||| (to cure confusion)
  5138 | D:5      | 5138 ||| INVOKING Berserk.
  5234 | D:5      | Found a basalt altar of Yredelemnul.
  5380 | D:5      | 5380 ||| UPGRADING to +0 plate armour.
  5390 | D:5      | 5390 ||| DROPPING +0 chain mail.
  5391 | D:5      | 5391 ||| READING scroll of enchant armour.
  5391 | D:5      | 5391 ||| ENCHANTING +0 plate armour.
  5392 | D:5      | 5392 ||| READING scroll labelled NUPIEMMETI.
  5393 | D:5      | 5393 ||| READING scroll labelled XUWNUB XUARORO.
  5394 | D:5      | 5394 ||| DRINKING 2 yellow potions.
  5422 | D:6      | 5422 ||| Stepping ~*~*~tactically~*~*~ (stealth).
  5463 | D:6      | 5463 ||| Stepping ~*~*~tactically~*~*~ (stealth).
  5503 | D:6      | Found a broken altar of Ashenzari.
  5574 | D:6      | Found a staircase to the Ecumenical Temple.
  5601 | D:6      | Reached skill level 10 in Axes
  5612 | D:6      | 5612 ||| Stepping ~*~*~tactically~*~*~ (hiding).
  5628 | D:6      | Reached skill level 1 in Throwing
  5628 | D:6      | Reached XP level 8. HP: 68/68 MP: 7/7
  5675 | D:6      | 5675 ||| Stepping ~*~*~tactically~*~*~ (stealth).
  5677 | D:6      | 5677 ||| Stepping ~*~*~tactically~*~*~ (stealth).
  5683 | D:6      | 5683 ||| Stepping ~*~*~tactically~*~*~ (stealth).
  5692 | D:6      | Reached skill level 6 in Fighting
  5843 | D:6      | Found a runed translucent door.
  5844 | D:6      | Noticed a manticore
  5845 | D:6      | Noticed qw's ghost (novice MiBe)
  5866 | D:6      | Found a sparkling altar of Nemelex Xobeh.
  6254 | D:6      | 6254 ||| UPGRADING to ring of see invisible.
  6255 | D:6      | 6255 ||| READING scroll labelled ALLATU EWYIMAO.
  6413 | D:6      | 6413 ||| DROPPING scroll of immolation.
  6436 | D:7      | 6436 ||| Stepping ~*~*~tactically~*~*~ (hiding).
  6438 | D:7      | Identified the +5 flail "Concordance" {vorpal, rElec rPois
                  | rF+ Stlth-}
  6441 | D:7      | Reached skill level 11 in Axes
  6448 | D:7      | 6448 ||| DROPPING +0 flail.
  6761 | D:7      | Reached *** piety under Trog
  6928 | D:7      | 6928 ||| INVOKING Berserk.
  6948 | D:7      | Reached skill level 12 in Axes
  6997 | D:7      | 6997 ||| READING 7 scrolls of identify.
  6997 | D:7      | 6997 ||| IDENTIFYING purple potion
  6998 | D:7      | 6998 ||| DROPPING potion of invisibility.
  6999 | D:7      | 6999 ||| READING scroll of teleportation.
  7105 | D:7      | Found a shimmering altar of Xom.
  7129 | D:7      | Found a shadowy altar of Dithmenos.
  7148 | D:7      | 7148 ||| FLEEEEING.
  7149 | D:7      | 7149 ||| FLEEEEING.
  7158 | D:7      | 7158 ||| FLEEEEING.
  7159 | D:7      | 7159 ||| FLEEEEING.
  7160 | D:7      | 7160 ||| FLEEEEING.
  7161 | D:7      | 7161 ||| FLEEEEING.
  7162 | D:7      | 7162 ||| FLEEEEING.
  7163 | D:7      | 7163 ||| FLEEEEING.
  7164 | D:7      | 7164 ||| FLEEEEING.
  7165 | D:7      | 7165 ||| FLEEEEING.
  7166 | D:7      | 7166 ||| FLEEEEING.
  7167 | D:7      | 7167 ||| FLEEEEING.
  7168 | D:7      | 7168 ||| FLEEEEING.
  7169 | D:7      | 7169 ||| FLEEEEING.
  7170 | D:7      | 7170 ||| Stepping ~*~*~tactically~*~*~ (hiding).
  7171 | D:7      | 7171 ||| Stepping ~*~*~tactically~*~*~ (hiding).
  7172 | D:7      | 7172 ||| Stepping ~*~*~tactically~*~*~ (hiding).
  7174 | D:7      | 7174 ||| INVOKING Berserk.
  7237 | D:7      | 7237 ||| Stepping ~*~*~tactically~*~*~ (hiding).
  7241 | D:7      | 7241 ||| INVOKING Berserk.
  7778 | D:7      | 7778 ||| INVOKING Berserk.
  8046 | D:7      | Reached XP level 9. HP: 79/79 MP: 8/8
  8047 | D:8      | Found a radiant altar of Vehumet.
  8067 | D:8      | 8067 ||| Stepping ~*~*~tactically~*~*~ (hiding).
  8070 | D:8      | 8070 ||| Stepping ~*~*~tactically~*~*~ (hiding).
  8079 | D:8      | 8079 ||| INVOKING Berserk.
  8288 | D:8      | 8288 ||| Stepping ~*~*~tactically~*~*~ (stealth).
  8398 | D:8      | 8398 ||| Stepping ~*~*~tactically~*~*~ (stealth).
  8415 | D:8      | 8415 ||| INVOKING Berserk.
  8423 | D:8      | Reached skill level 13 in Axes
  8458 | D:8      | 8458 ||| FLEEEEING.
  8464 | D:8      | 8464 ||| STAIRDANCE
  8650 | D:7      | 8650 ||| READING 6 scrolls of identify.
  8650 | D:7      | 8650 ||| IDENTIFYING bubbling black potion
  8651 | D:7      | 8651 ||| READING 5 scrolls of identify.
  8651 | D:7      | 8651 ||| IDENTIFYING clear potion
  8652 | D:7      | 8652 ||| DROPPING potion of degeneration.
  8677 | D:8      | 8677 ||| Stepping ~*~*~tactically~*~*~ (stealth).
  8796 | D:8      | Reached skill level 6 in Armour
  8798 | D:8      | 8798 ||| Stepping ~*~*~tactically~*~*~ (hiding).
  8799 | D:8      | 8799 ||| Stepping ~*~*~tactically~*~*~ (hiding).
  8922 | D:8      | 8922 ||| INVOKING Berserk.
  9054 | D:8      | 9054 ||| FLEEEEING.
  9055 | D:8      | 9055 ||| FLEEEEING.
  9056 | D:8      | 9056 ||| FLEEEEING.
  9057 | D:8      | 9057 ||| FLEEEEING.
  9059 | D:8      | 9059 ||| FLEEEEING.
  9060 | D:8      | 9060 ||| STAIRDANCE
  9213 | D:8      | Found a snail-covered altar of Cheibriados.
  9315 | D:8      | 9315 ||| DROPPING amulet of magic regeneration.
  9316 | D:8      | 9316 ||| UPGRADING to amulet of the acrobat.
  9321 | D:8      | 9321 ||| READING 6 scrolls of identify.
  9321 | D:8      | 9321 ||| IDENTIFYING golden potion
  9565 | D:9      | 9565 ||| Stepping ~*~*~tactically~*~*~ (hiding).
  9569 | D:9      | Reached skill level 14 in Axes
  9705 | D:9      | Found a burning altar of Makhleb.
  9705 | D:9      | Noticed an Executioner
  9726 | D:9      | Reached **** piety under Trog
  9887 | D:9      | 9887 ||| Stepping ~*~*~tactically~*~*~ (stealth).
  9889 | D:9      | 9889 ||| Stepping ~*~*~tactically~*~*~ (hiding).
  9891 | D:9      | 9891 ||| Stepping ~*~*~tactically~*~*~ (hiding).
  9902 | D:9      | Reached XP level 10. HP: 90/90 MP: 9/9
  9973 | D:9      | 9973 ||| Stepping ~*~*~tactically~*~*~ (hiding).
  9983 | D:9      | 9983 ||| DRINKING 6 potions of curing.
  9983 | D:9      | 9983 ||| (to cure confusion)
 10044 | D:9      | Found a transporter.
 10044 | D:9      | Found a transporter.
 10044 | D:9      | Noticed a two-headed ogre
 10045 | D:9      | Noticed a cyclops
 10089 | D:9      | Found a hazy altar of Hepliaklqana.
 10168 | D:9      | Identified the ring of Pacwysy {rF+ Will+}
 10396 | D:9      | 10396 ||| INVOKING Berserk.
 10687 | D:9      | Noticed a smoke demon
 10687 | D:9      | Noticed an orange demon
 10709 | D:10     | Entered Level 10 of the Dungeon
 10751 | D:10     | 10751 ||| Stepping ~*~*~tactically~*~*~ (stealth).
 10814 | D:10     | Found a hide-covered altar of Uskayaw.
 10892 | D:10     | Reached skill level 15 in Axes
 10892 | D:10     | 10892 ||| FLEEEEING.
 10893 | D:10     | 10893 ||| FLEEEEING.
 10894 | D:10     | 10894 ||| FLEEEEING.
 10896 | D:10     | 10896 ||| FLEEEEING.
 10897 | D:10     | 10897 ||| FLEEEEING.
 10898 | D:10     | 10898 ||| FLEEEEING.
 10899 | D:10     | 10899 ||| FLEEEEING.
 10900 | D:10     | 10900 ||| FLEEEEING.
 10901 | D:10     | 10901 ||| FLEEEEING.
 10902 | D:10     | 10902 ||| FLEEEEING.
 10905 | D:10     | 10905 ||| STAIRDANCE
 10983 | D:10     | 10983 ||| STAIRDANCE
 11034 | D:10     | Reached skill level 9 in Fighting
 11048 | D:10     | 11048 ||| Stepping ~*~*~tactically~*~*~ (stealth).
 11092 | D:10     | 11092 ||| Stepping ~*~*~tactically~*~*~ (hiding).
 11101 | D:10     | 11101 ||| Stepping ~*~*~tactically~*~*~ (stealth).
 11162 | D:10     | 11162 ||| READING scroll of enchant armour.
 11162 | D:10     | 11162 ||| ENCHANTING +1 plate armour.
 11192 | D:10     | 11192 ||| Stepping ~*~*~tactically~*~*~ (stealth).
 11198 | D:10     | Found a flagged portal.
 11233 | D:10     | Reached skill level 3 in Dodging
 11274 | D:10     | 11274 ||| INVOKING Berserk.
 11413 | D:10     | 11413 ||| INVOKING Berserk.
 11586 | D:10     | 11586 ||| Stepping ~*~*~tactically~*~*~ (stealth).
 11592 | D:10     | 11592 ||| INVOKING Berserk.
 11734 | D:10     | Noticed a red ugly thing
 11736 | D:10     | Noticed a red ugly thing
 11741 | D:10     | Noticed a red ugly thing
 11743 | D:10     | Noticed a green ugly thing
 11744 | D:10     | 11744 ||| INVOKING Berserk.
 11747 | D:10     | Killed a purple ugly thing
 11747 | D:10     | Noticed a centaur warrior
 11748 | D:10     | Reached skill level 16 in Axes
 11752 | D:10     | Killed a red ugly thing
 11764 | D:10     | Found the +8 lance "Wyrmbane" {slay drac, rPois rF+ rC+
                  | AC+3}
 11767 | D:10     | Killed a red ugly thing
 11768 | D:10     | Reached XP level 11. HP: 39/100 MP: 10/10
 11768 | D:10     | Killed a red ugly thing
 11769 | D:10     | HP: 37/150 [centaur warrior/+0 whip (2)]
 11769 | D:10     | Noticed a centaur warrior
 11770 | D:10     | Killed a centaur warrior
 11770 | D:10     | HP: 7/100 [centaur warrior/arrow (18)]
 11770 | D:10     | Shot with an arrow by a centaur warrior

Levels and vault maps discovered:
D:1:      lemuel_arrival_broad_hall, layout_loops_ring, basic_ecumenical_altar,
          minmay_quantized
D:2:      layout_loops_cross, serial_shops, shop_scrolls
D:3:      layout_rooms, nicolae_overflow_squiral, uniq_grinder
D:4:      minmay_spotlight, layout_basic
D:5:      layout_basic, mainiacjoe_overflow_24_doors, yredelemnul_altar_generic
D:6:      layout_rooms, old_standard_altar, kennysheep_mini, temple_doors_e,
          ebering_ghost_inner_flame
D:7:      layout_basic, mainiacjoe_overflow_alcove_4, overflow_temple_1_default,
          lightli_minifort
D:8:      layout_basic, mainiacjoe_overflow_small_starburst, old_standard_altar
D:9:      gammafunk_beogh_shrine, layout_stronghold,
          mainiacjoe_overflow_cross_hatched, makhleb_altar_promises_db
D:10:     minmay_the_grid_triangle_9x9_rhombus_thin_mashed
          [minmay_the_grid_triangle_9x9_intruding_spiral,
          minmay_the_grid_triangle_9x9_prize_top_heavy,
          minmay_the_grid_triangle_9x9_flanged_cone,
          minmay_the_grid_triangle_9x9_zippers_vertical], layout_rooms,
          zin_scriptorium, mainiacjoe_overflow_alcove_2,
          lightli_bailey_entry_fortress, minivault_24

Skill      XL: |  1  2  3  4  5  6  7  8  9 10 11 |
---------------+----------------------------------+-----
Axes           | 4 5 6 8 9 10 12 14 16 | 16.2
Fighting       | 5 7 8 10 | 10.3
Armour         | 4 5 6 7 |  7.4
Throwing       | 1 2 |  2.3
Dodging        | 3 |  3.1

Action                   |  1- 3 |  4- 6 |  7- 9 | 10-12 || total
-------------------------+-------+-------+-------+-------++-------
Melee: Hand axe          |    74 |       |       |       ||    74
       Headbutt          |     8 |    16 |    34 |    25 ||    83
       War axe           |     8 |    90 |   246 |   131 ||   475
       Punch             |       |     1 |     3 |     2 ||     6
Throw: Boomerang         |    36 |    36 |    66 |    21 ||   159
Invok: Berserk           |     1 |     6 |     9 |     5 ||    21
       Trog's Hand       |       |     1 |       |       ||     1
  Use: Scroll            |     3 |    11 |     9 |     1 ||    24
       Potion            |     1 |       |     2 |     1 ||     4
Armor: Animal skin       |    11 |       |       |       ||    11
       Ring mail         |     9 |     1 |       |       ||    10
       Chain mail        |       |    37 |    12 |       ||    49
       Plate armour      |       |       |   116 |    38 ||   154
Dodge: Dodged            |    32 |    23 |    86 |    40 ||   181

Table legend:
 A = Non-vault XP
 B = Vault XP
 C = Vault XP percentage of total XP
 D = Non-vault monster count
 E = Vault monster count
 F = Vault count percentage of total count
                 A         B        C        D         E       F
            +---------+---------+-------+---------+---------+-------
      Total |    8425 |    4101 |  32.7 |     202 |      27 |  11.8
            +---------+---------+-------+---------+---------+-------
        D:1 |      34 |       5 |  12.8 |      19 |       3 |  13.6
        D:2 |      69 |       0 |   0.0 |      19 |       0 |   0.0
        D:3 |      15 |     258 |  94.5 |       6 |       1 |  14.3
        D:4 |     243 |       2 |   0.8 |      24 |       1 |   4.0
        D:5 |     532 |       0 |   0.0 |      17 |       0 |   0.0
        D:6 |     745 |       0 |   0.0 |      21 |       0 |   0.0
        D:7 |     758 |     138 |  15.4 |      23 |       4 |  14.8
        D:8 |    1865 |       0 |   0.0 |      28 |       0 |   0.0
        D:9 |    1689 |       0 |   0.0 |      30 |       0 |   0.0
       D:10 |    2475 |    3698 |  59.9 |      15 |      18 |  54.5
            +---------+---------+-------+---------+---------+-------
